 Seeded DCSS version 0.28.0 (webtiles) character file.

Game seed: 10379525442082979767 (custom seed)

644 hikkokomori the Skirmisher (level 7, 0/60 HPs)
             Began as a Formicid Fighter on Feb 16, 2022.
             Slain by a killer bee (4 damage)
             ... on level 4 of the Dungeon.
             The game lasted 00:06:16 (4605 turns).

hikkokomori the Skirmisher (Formicid Fighter)       Turns: 4605, Time: 00:06:17

Health: 0/60       AC:  9    Str: 22    XL:     7   Next: 82%
Magic:  7/7        EV:  7    Int:  8    God:
Gold:   3          SH:  4    Dex: 10    Spells: 6/6 levels left

rFire   . . .      SeeInvis +   a - +0 quarterstaff (flame)
rCold   . . .      Faith    .   c - +0 buckler
rNeg    . . .      Spirit   .   k - +0 chain mail
rPois   .          Reflect  .   (helmet unavailable)
rElec   .          Harm     .   (no cloak)
rCorr   .          Rampage  .   (no gloves)
Will    .....                   (no boots)
Stlth   ..........              (no amulet)
HPRegen 0.20/turn               (no ring)
MPRegen 0.10/turn               (no ring)

@: lethally poisoned (0 -> -4)
A: permanent stasis, dig shafts and tunnels, antennae 3, four strong arms
a: Dig, Shaft Self


You were on level 4 of the Dungeon.
You visited 1 branch of the dungeon, and saw 5 of its levels.

You collected 129 gold pieces.
You spent 126 gold pieces at shops.

Inventory:

Hand Weapons
 a - a +0 quarterstaff of flaming (weapon)
Missiles
 i - 64 stones
Armour
 b - a +0 scale mail
 c - a +0 buckler (worn)
 k - a +0 chain mail (worn)
Scrolls
 d - a scroll of enchant weapon {unknown}
 g - a scroll of magic mapping {unknown}
 h - a scroll of teleportation
 j - a scroll of blinking {unknown}
 n - a scroll of torment {unknown}
 o - 3 scrolls of fear
 q - a scroll of amnesia
 r - a scroll of fog {unknown}
Potions
 e - a potion of degeneration {unknown}
 p - a potion of attraction


   Skills:
 + Level 7.0 Fighting
 + Level 5.9 Staves
 - Level 3.2 Armour
 - Level 3.6 Shields


You had 6 spell levels left.
You didn't know any spells.
Your spell library contained the following spells:

 Spells                   Type           Power      Damage    Failure   Level
 Static Discharge         Conj/Air       0%         N/A       100%        2
 Dispel Undead            Necr           0%         3d6       100%        4
 Sticky Flame             Conj/Fire      0%         2d3       100%        4


Dungeon Overview and Level Annotations

Branches:
Dungeon (5/15)
 Temple: D:4-7

Altars:

Shops:
D:3 ?

Annotations:
D:5 Ijyb


Innate Abilities, Weirdness & Mutations

You cannot be hasted, slowed, berserked, paralysed or teleported.
You can dig through walls and to a lower floor.
You have a pair of large antennae on your head. (SInv)
Your four strong arms can wield two-handed weapons with a shield.


Message History

The killer bee stings you.
* * * LOW HITPOINT WARNING * * *
The killer bee stings you but does no damage.
The killer bee stings you.
* * * LOW HITPOINT WARNING * * *
The killer bee closely misses you.
It was a potion of curing.
You feel better.
The killer bee stings you but does no damage.
The killer bee barely misses you.
The killer bee stings you but does no damage. x2
The killer bee barely misses you. The killer bee stings you!
* * * LOW HITPOINT WARNING * * *
You block the killer bee's attack. The killer bee stings you!
* * * LOW HITPOINT WARNING * * *
You are lethally poisoned!
The killer bee poisons you!
There is an open door here.
You feel better. The killer bee barely misses you. The killer bee stings you.
* * * LOW HITPOINT WARNING * * *
The killer bee barely misses you.
You hit the killer bee. You burn the killer bee.
The killer bee is lightly wounded.
The killer bee stings you.
* * * LOW HITPOINT WARNING * * *
The killer bee stings you but does no damage. x2
The killer bee stings you.
* * * LOW HITPOINT WARNING * * *
You are poisoned.
The killer bee poisons you!
You sock the killer bee! You burn the killer bee.
You kill the killer bee!
* * * LOW HITPOINT WARNING * * *
You feel sick. The killer bee barely misses you. The killer bee stings you.
* * * LOW HITPOINT WARNING * * *
Your Fighting skill increases to level 7!
Unknown command.
You miss the killer bee.
* * * LOW HITPOINT WARNING * * *
You feel sick. The killer bee stings you.
You die...

###### #...####.##### #.#
#....####..)[[)......# #.#
#...........####)###.###†#
###.##.##.....# #.........#
#.)..#.##..>.## #..##.###.#
#.#..#.##.#..# #.........#
#....#.)...y.# ##.##.###.#
#....####.#y## #....# #.#
#....####.#@## #.#### #.#
##....>......## #.# #.#
##.######.....## #.######># ##..#
##.......## #........#
#####...####.........###....#####
...........+.........'.......#
###.....####.........###....##
#.##.## ##.....<.## #.#.## #.####
##.....## #.######


You could see 2 killer bees.

Vanquished Creatures
  Sigmund (D:3)
  Edmund (D:4)
  Blork the orc (D:4)
  A killer bee (D:4)
  An iguana (D:4)
  An orc wizard (D:4)
  Robin (D:4)
  8 gnolls
  3 adders
  An adder skeleton (D:4)
  A worm (D:3)
  4 dart slugs
  3 orcs (D:4)
  An endoplasm (D:3)
  5 giant cockroaches
  13 goblins
  4 hobgoblins
  2 jackals (D:4)
  8 kobolds
  2 quokkas
  8 ball pythons
  9 bats
  4 frilled lizards
  3 rats
86 creatures vanquished.

Notes
Turn   | Place    | Note
-------+----------+-------------------------------------------
     0 | D:1      | hikkokomori the Formicid Fighter began the quest for the
                  | Orb.
     0 | D:1      | Reached XP level 1. HP: 18/18 MP: 1/1
    74 | D:1      | Reached XP level 2. HP: 23/24 MP: 2/2
   638 | D:2      | Reached skill level 4 in Fighting
   638 | D:2      | Reached XP level 3. HP: 20/30 MP: 3/3
  1262 | D:2      | Reached XP level 4. HP: 28/37 MP: 4/4
  1546 | D:3      | Found Vynolin's Magic Scroll Boutique.
  1936 | D:3      | Reached XP level 5. HP: 41/43 MP: 5/5
  1938 | D:3      | Noticed Sigmund
  1953 | D:3      | Killed Sigmund
  1954 | D:3      | Reached skill level 5 in Fighting
  1954 | D:3      | Reached XP level 6. HP: 31/52 MP: 6/6
  2259 | D:3      | Found a faded altar of an unknown god.
  2893 | D:4      | Noticed Edmund
  2906 | D:4      | Killed Edmund
  2907 | D:4      | Reached skill level 6 in Fighting
  2907 | D:4      | Reached skill level 5 in Staves
  2907 | D:4      | Reached XP level 7. HP: 42/58 MP: 7/7
  3218 | D:4      | Noticed Robin
  3236 | D:4      | Killed Robin
  3883 | D:4      | Noticed Blork the orc
  3896 | D:4      | Killed Blork the orc
  4475 | D:3      | Bought a scroll of fear for 49 gold pieces
  4475 | D:3      | Bought a scroll of fear for 49 gold pieces
  4475 | D:3      | Bought a scroll of identify for 28 gold pieces
  4582 | D:5      | Entered Level 5 of the Dungeon
  4582 | D:5      | Noticed Ijyb
  4582 | D:5      | Noticed a water moccasin
  4605 | D:4      | Reached skill level 7 in Fighting
  4605 | D:4      | Slain by a killer bee

Illustrated notes

Levels and vault maps discovered:
D:1:      minmay_arrival_arboretum_small, layout_basic
D:2:      layout_basic
D:3:      layout_loops_cross, serial_shops, nicolae_shop_hallway_stairs,
          ebering_ecumenical_altar_ruins, uniq_sigmund
D:4:      layout_loops_corners, kennysheep_generic_room_2, uniq_blork_the_orc,
          uniq_edmund, uniq_robin
D:5:      layout_cave_pools, corexii_corridor_pit, minmay_lizard_king,
          uniq_eustachio, uniq_ijyb, uniq_duvessa, uniq_prince_ribbit1

Skill      XL: |  1  2  3  4  5  6  7 |
---------------+----------------------+-----
Fighting       | 4 5 6 7 |  7.0
Staves         | 3 4 5 |  5.9
Armour         | |  3.2
Shields        | |  3.6

Action                   |  1- 3 |  4- 6 |  7- 9 || total
-------------------------+-------+-------+-------++-------
Melee: Quarterstaff      |    70 |    78 |    90 ||   238
  Use: Scroll            |       |     2 |     3 ||     5
       Potion            |       |     1 |     3 ||     4
Armor: Scale mail        |    21 |       |       ||    21
       Chain mail        |    16 |    29 |    37 ||    82
Dodge: Dodged            |    27 |    25 |    41 ||    93
Block: Buckler           |    10 |    14 |    15 ||    39
